 Dungeon Crawl Stone Soup version 0.31-a0-446-g07c4bd200f (webtiles) character file.

Game seed: 8147549342794191728

237 Conn the Magician (level 5, 0/28 HPs)
             Began as a Deep Elf Fire Elementalist on Aug 3, 2023.
             Killed by an exploding Pikel (28 damage)
             ... ignited by their inner flame
             ... on level 4 of the Dungeon.
             The game lasted 00:08:03 (3080 turns).

Conn the Magician (Deep Elf Fire Elementalist)      Turns: 3080, Time: 00:08:03

Health: 0/28       AC:  3    Str:  5    XL:     5   Next: 77%
Magic:  1/14       EV: 13    Int: 26    God:
Gold:   265        SH:  0    Dex: 15    Spells: 8/14 levels left

rFire   . . .        c - staff of poison
rCold   . . .        (no shield)
rNeg    + . .        v - +0 robe of the Shouting Gods {Will- Int+4}
rPois   +            (no helmet)
rElec   .            m - +0 cloak
rCorr   +            (no gloves)
SInv    .            (no boots)
Will    .....        (no amulet)
Stlth   ++           x - ring of resist corrosion
HPRegen 0.24/turn    z - ring of positive energy
MPRegen 0.14/turn

%: no passive effects
@: no status effects
A: no striking features
a: no special abilities


You were on level 4 of the Dungeon.
You visited 1 branch of the dungeon, and saw 4 of its levels.

You collected 265 gold pieces.

Inventory:

Hand Weapons
 h - a +0 short sword
 o - the +2 short sword of the Everdark {protect, *Rage rF- Dex+6}
   (You found it on level 3 of the Dungeon)

   Dex:       It affects your dexterity (+6).
   rF:        It makes you vulnerable to fire.
   *Rage:     It berserks you when you make melee attacks (+20% chance).
Missiles
 y - 5 silver javelins
Armour
 a - a +0 robe
 l - a +1 scale mail of cold resistance
 m - a +0 cloak (worn)
 v - the +0 robe of the Shouting Gods (worn) {Will- Int+4}
   (You found it on level 2 of the Dungeon)

   Int:       It affects your intelligence (+4).
   Will:      It decreases your willpower.
Magical Staves
 c - a staff of poison (weapon)
Jewellery
 x - a ring of resist corrosion (left hand)
 z - a ring of positive energy (right hand)
Wands
 r - a wand of quicksilver (3)
Scrolls
 g - 4 scrolls of teleportation {unknown}
 i - a scroll of torment {unknown}
 k - a scroll of brand weapon {unknown}
 p - a scroll of poison {unknown}
 q - 3 scrolls of identify {unknown}
 s - a scroll of amnesia {unknown}
 w - a scroll of enchant armour {unknown}
Potions
 b - 2 potions of magic
 d - 2 potions of degeneration {unknown}
 e - 2 potions of invisibility {unknown}
 f - 2 potions of curing {unknown}
 j - a potion of lignification {unknown}
 n - 2 potions of attraction {unknown}
 t - a potion of enlightenment {unknown}
 u - a potion of mutation {unknown}
 A - a potion of heal wounds {unknown}


   Skills:
 + Level 0.2 Fighting
 + Level 0.2 Short Blades
 * Level 1.5 Armour
 + Level 2.8 Dodging
 + Level 3.3 Stealth
 * Level 5.0 Spellcasting
 * Level 2.8 Conjurations
 + Level 4.3 Fire Magic


You had 8 spell levels left.
You knew the following spells:

 Your Spells              Type           Power      Damage    Failure   Level
a - Foxfire               Conj/Fire      100%       2x1d9     1%          1
b - Scorch                Fire           58%        2d7       1%          2
c - Inner Flame           Hex/Fire       18%        N/A       10%         3

Your spell library contained the following spells:

 Spells                   Type           Power      Damage    Failure   Level
 Volatile Blastmotes      Fire/Tloc      34%        2d12      10%         3
 Flame Wave               Conj/Fire      25%        2d8       17%         4


Dungeon Overview and Level Annotations

Branches:
Dungeon (4/15)
 Temple: D:4-7

Altars:

Annotations:
D:3 2 transporters, grizmgrazm2's ghost, amateur DjSh


Message History

You kill the lemure!
That felt strangely unrewarding.
Unknown command.
Casting: Foxfire (safe; 1% risk of failure)
Confirm with . or Enter, or press ? or * to list all spells.
The spell is quite dangerous to miscast (10% risk of failure)!
Continue anyway?
Aiming: Inner Flame (quite dangerous; 10% risk of failure)
Press: ? - help, Dir - move target, f - Pikel
Aim: Pikel, wielding a +2 whip of flaming and wearing a +2 robe of cold resistance (chance to affect: 73%) Pikel is filled with an inner flame.
Unknown command.
Casting: Inner Flame (quite dangerous; 10% risk of failure)
Confirm with . or Enter, or press ? or * to list all spells.
You conjure some foxfire!
Unknown command.
The foxfire hits Pikel.
Flame seeps out of Pikel.
Pikel is lightly wounded.
The foxfire hits Pikel.
Flame seeps out of Pikel.
Pikel is lightly wounded.
Pikel is engulfed in blazing flames.
Flame seeps out of Pikel.
Unknown command.
Casting: Foxfire (safe; 1% risk of failure)
Confirm with . or Enter, or press ? or * to list all spells.
Flames lash Pikel.
Flame seeps out of Pikel.
Pikel is severely wounded.
Pikel's fire resistance burns away.
Pikel is engulfed in blazing flames.
Flame seeps out of Pikel.
Your magical contamination has completely faded away.
Okay, then.
Okay, then.
Unknown command.
The +2 short sword of the Everdark {protect, *Rage rF- Dex+6} goes still.
c - a staff of poison (weapon)
Pikel is engulfed in blazing flames.
With Pikel's spell broken, his former minions thank you for their freedom.
The lemure departs this earthly plane. x2
Pikel explodes!
The fiery explosion engulfs you!!
Ouch! That really hurt!
You die...

######### #..†...@#
#.#####§# #.# #☼#
##########.##..°§§
......#.......##§§#
#####.#.##.#####.!.
#####.#.##... ....#
##......######
..... ##.##.###
......


There were no monsters in sight!

Vanquished Creatures
  Pikel (D:4)
  2 lemures (D:4)
  A scorpion (D:4)
  An iguana (D:4)
  An orc wizard (D:4)
  3 adders
  An ufetubus (D:4)
  A worm (D:2)
  2 dart slugs (D:4)
  4 orcs (D:4)
  4 ball pythons
  11 endoplasms
  3 giant cockroaches
  11 goblins
  4 hobgoblins
  11 kobolds
  7 quokkas
  7 bats
  2 frilled lizards
  6 rats
83 creatures vanquished.

Vanquished Creatures (others)
  210 foxfires
210 creatures vanquished.

Grand Total: 293 creatures vanquished

Notes
Turn   | Place    | Note
-------+----------+-------------------------------------------
     0 | D:1      | Conn the Deep Elf Fire Elementalist began the quest for the
                  | Orb.
     0 | D:1      | Reached XP level 1. HP: 10/10 MP: 6/6
   247 | D:1      | Reached XP level 2. HP: 15/15 MP: 2/8
   980 | D:2      | Reached XP level 3. HP: 17/17 MP: 3/9
  1067 | D:2      | Found a faded altar of an unknown god.
  1510 | D:2      | Learned a level 2 spell: Scorch
  1514 | D:2      | Learned a level 3 spell: Inner Flame
  1669 | D:2      | You fall into a shaft and drop 2 floors!
  1728 | D:3      | Identified the +2 short sword of the Everdark {protect,
                  | *Rage rF- Dex+6}
  1754 | D:3      | Reached skill level 4 in Spellcasting
  1754 | D:3      | Reached XP level 4. HP: 24/24 MP: 9/12
  1974 | D:3      | Found a transporter.
  1975 | D:3      | Noticed grizmgrazm2's ghost (amateur DjSh)
  2093 | D:3      | Found a transporter.
  2278 | D:2      | Identified the +0 robe of the Shouting Gods {Will- Int+4}
  2557 | D:4      | Reached skill level 1 in Armour
  2722 | D:4      | Noticed a scorpion
  2739 | D:4      | Killed a scorpion
  2740 | D:4      | Reached XP level 5. HP: 28/28 MP: 5/14
  3035 | D:4      | Reached skill level 5 in Spellcasting
  3044 | D:4      | Noticed a lemure
  3044 | D:4      | Noticed a lemure
  3069 | D:4      | Noticed a lemure
  3069 | D:4      | Noticed a lemure
  3070 | D:4      | Noticed Pikel
  3074 | D:4      | Killed a lemure
  3074 | D:4      | Killed a lemure
  3080 | D:4      | Killed Pikel
  3080 | D:4      | Killed by an exploding Pikel... ignited by their inner
                  | flame

Illustrated notes

Levels and vault maps discovered:
D:1:      co_arrival_square_in_a_square_in_a_square, layout_loops_ring,
          st_stairs_6
D:2:      layout_rooms, shapermc_ecumenical_altar_starsandcircs,
          chequers_serial_rivers_room_b, st_stairs_4
D:3:      layout_basic, gammafunk_ghost_arena
D:4:      layout_loops_cross, grunt_ministairs_14, uniq_pikel

Skill      XL: |  1  2  3  4  5 |
---------------+----------------+-----
Conjurations   | 2 |  2.8
Fire Magic     | 4 |  4.3
Spellcasting   | 4 5 |  5.0
Armour         | 1 |  1.5
Stealth        | 3 |  3.3
Fighting       | |  0.2
Short Blades   | |  0.2
Dodging        | |  2.8

Action                     |  1- 3 |  4- 6 || total
---------------------------+-------+-------++-------
  Melee: Staff             |    33 |       ||    33
         Short sword       |       |    22 ||    22
   Cast: Foxfire           |    77 |    44 ||   121
         Inner Flame       |       |     3 ||     3
         Scorch            |       |     2 ||     2
   Stab: Sleeping          |       |     5 ||     5
 Armour: Robe              |     6 |     4 ||    10
         Scale mail        |    11 |       ||    11
  Dodge: Dodged            |    30 |    19 ||    49

Table legend: (Time is in decaauts)
 A = Elapsed time spent in this place.
 B = Non-inter-level travel time spent in this place.
 C = Inter-level travel time spent in this place.
 D = Time resting spent in this place.
 E = Time spent auto-exploring this place.
 F = Levels seen in this place.
 G = Mean time per level.
                   A        B        C        D        E       F      G
               +--------+--------+--------+--------+--------+-----+--------+
         Total |   3116 |   3094 |     22 |     27 |   2104 |   4 |  779.0 |
       Dungeon |   3116 |   3094 |     22 |     27 |   2104 |   4 |  779.0 |
               +--------+--------+--------+--------+--------+-----+--------+

Top non-repeatable levels by time:
     D:1: 972 daAuts
     D:2: 808 daAuts
     D:4: 724 daAuts
     D:3: 611 daAuts
